Description

Inspired by Showtime's game vs Nerchio. This is 6 Gate, not 8 but finishes 2 minutes earlier and does not cut probes.

Build Order

Get SALT Encoding   

  14  0:17  Pylon  
  16  0:36  Gateway  
  17  0:46  Assimilator  
  20  1:23  Cybernetics Core  
  22  1:39  Pylon  
  22  1:44  Nexus  
  23  1:59  Adept  
  25  2:00  Assimilator  
  27  2:11  Twilight Council  
  27  2:17  Pylon  
  28  2:22  Warp Gate  
  28  2:31  Stalker  
  32  2:44  Gateway  
  34  3:06  Mothership Core  
  37  3:09  Robotics Facility  
  38  3:18  Gateway  
  38  3:28  Resonating Glaives  CHECKPOINT: 35 Probes, 1 Adept, 1 Stalker, 1 MC, Glaives Underway
  38  3:29  Gateway x3  
  38  3:42  Adept x2  
  42  3:50  Pylon  
  42  3:58  Warp Prism  Rally warp prism
  44  4:02  Pylon x3  
  44  4:17  Adept x5  Push with 8 adepts. Warp in 6 more adepts and attack.
Spawning Tool Build Advisor. Get it on Overwolf

Analysis

It might be possible to make 6 adepts instead of 4 at the end of the build.

Go to:

Details

  • Created by: DrKobalt
  • Published on: Sep 17, 2016
  • Modified on: Sep 17, 2016
  • Patch: Pre-3.8.0
Show
View Real Time Build Order
Export as new Build Order

Comments (5)

On Nov. 28, 2016, 9:43 a.m., ainiyoubinga  said:

for those of you who can't get nexus at 1:44
don't put any probes on gas until you get your nexus.

On Nov. 28, 2016, 9:43 a.m., ainiyoubinga  said:

for those of you who can't get nexus at 1:44
don't put any probes on gas until you get your nexus.

On Nov. 25, 2016, 2:59 p.m., BaconPopCap  said:

As far as I can tell, this build is impossible. I'm not sure if its because there was some sort of in-game time change that I'm not aware about, but I am always 30 seconds behind every time.

On Nov. 2, 2016, 10:31 a.m., razorsharp11  said:

I've tried this build several times and I can't get the Nexus at 1:44. If you build the pylon you have around ~300 minerals at that time, not 400. Unless I am doing something wrong.

Any replays?

On Sept. 18, 2016, 12:11 a.m., -EU-OldCamel  said:

i always use this build. This is a great opener against zerg. Possibly do some damage on any zerg opener.

But I would recommend not going for 1 stalker. Only 3 adepts from the first gateway, and add 3 adepts when wp research finishes.

so 6 adept push in relatively quicker timings.
Do not overextend with them and you may want to immediately build 2 robo or 2 stargates, and 3 sentries for possible counter attacks and for halluci phoenixes.

Then you can counter mass ling, fast roach, lingbane, or anything, from my experience.

Create an account to comment!